 Dungeon Crawl Stone Soup version 0.30.1-4-g462c640d31 (webtiles) character file.

Game seed: 13468498726395705

20 spardeous the Conjurer (level 2, 20/20 HPs)
             Began as a Demigod Conjurer on Aug 12, 2023.
             Got out of the dungeon alive.
             The game lasted 00:00:58 (862 turns).

spardeous the Conjurer (Demigod Conjurer)            Turns: 862, Time: 00:00:59

Health: 20/20      AC:  5    Str:  8    XL:     2   Next: 42%
Magic:  7/7        EV: 10    Int: 20    God:
Gold:   43         SH:  0    Dex: 12    Spells: 4/5 levels left

rFire   . . .        e - staff of earth
rCold   . . .        (no shield)
rNeg    . . .        c - +0 ring mail
rPois   .            (no helmet)
rElec   .            (no cloak)
rCorr   .            (no gloves)
SInv    .            (no boots)
Will    .....        (no amulet)
Stlth   +            (no ring)
HPRegen 0.23/turn    (no ring)
MPRegen 0.10/turn

%: no passive effects
@: no status effects
A: high MP 1, forlorn, divine attributes
a: no special abilities


You escaped.
You visited 1 branch of the dungeon, and saw 1 of its levels.

You collected 43 gold pieces.

Inventory:

Armour
 a - a +0 robe
 c - a +0 ring mail (worn)
Magical Staves
 e - a staff of earth (weapon)
Potions
 b - a potion of magic
 f - 2 potions of attraction
 g - a potion of haste {unknown}


   Skills:
 - Level 1.7 Dodging
 - Level 1.7 Stealth
 + Level 2.1 Spellcasting
 * Level 4.1 Conjurations


You had 4 spell levels left.
You knew the following spells:

 Your Spells              Type           Power      Damage    Failure   Level
a - Magic Dart            Conj           72%        1d6       9%          1

Your spell library contained the following spells:

 Spells                   Type           Power      Damage    Failure   Level
 Searing Ray              Conj           36%        2d5       13%         2
 Dazzling Flash           Conj/Hex       20%        N/A       52%         3
 Sublimation of Blood     Necr           2%         N/A       58%         2
 Wereblood                Tmut           2%         N/A       58%         2
 Fulminant Prism          Conj/Hex       5%         3d7       90%         4
 Iskenderun's Mystic Bla  Conj/Tloc      10%        2d4       90%         4
 Conjure Ball Lightning   Conj/Air       5%         3x3d6     100%        6
 Summon Hydra             Summ           1%         N/A       100%        7
 Discord                  Hex            1%         N/A       100%        8
 Disjunction              Tloc           1%         N/A       100%        8


Dungeon Overview and Level Annotations

Branches:
Dungeon (1/15)


Innate Abilities, Weirdness & Mutations

You have an increased reservoir of magic. (+10% MP)
You shall have no god before yourself.
Your divine heritage dramatically boosts your attributes as you level up.


Message History

Done exploring.
Casting: Magic Dart (safe; 9% risk of failure)
Confirm with . or Enter, or press ? or * to list all spells.
You can't see any susceptible monsters within range! (Use Z to cast anyway.) Done exploring.
Casting: Magic Dart (safe; 9% risk of failure)
Confirm with . or Enter, or press ? or * to list all spells.
You can't see any susceptible monsters within range! (Use Z to cast anyway.) Done exploring.
Casting: Magic Dart (safe; 9% risk of failure)
Confirm with . or Enter, or press ? or * to list all spells.
You can't see any susceptible monsters within range! (Use Z to cast anyway.) Done exploring.
Casting: Magic Dart (safe; 9% risk of failure)
Confirm with . or Enter, or press ? or * to list all spells.
You can't see any susceptible monsters within range! (Use Z to cast anyway.) Done exploring.
Casting: Magic Dart (safe; 9% risk of failure)
Confirm with . or Enter, or press ? or * to list all spells.
You can't see any susceptible monsters within range! (Use Z to cast anyway.) Done exploring.
Casting: Magic Dart (safe; 9% risk of failure)
Confirm with . or Enter, or press ? or * to list all spells.
You can't see any susceptible monsters within range! (Use Z to cast anyway.) Search for what [? for help]?
D
As you read the scroll labelled BULOSA JAZUOJEOVE, it crumbles to dust.
You hear a loud clanging noise!
It was a scroll of noise.
As you read the scroll labelled FIXYTAOHAU, it crumbles to dust.
It is a scroll of identify.
f - 2 potions of attraction You aren't carrying any scrolls.
Unknown command.
There is an open door here.
There is an open door here.
You open the door.
There is an open door here.
There is a staircase leading out of the dungeon here.
Are you sure you want to leave the Dungeon?
This will make you lose the game!
You have escaped!

######)# #....#.#.##....#.......
....(#.#########'#########.###..#
......##.................#.......
.......#.#.###########.#.#.###..#
.......#.##.#.......#.##.####...#
.......#.#.#.###'###.#.#.#......#
.......#.#.#.#.....#.#.#.#...#..#
.....###.#.#.#.....#)#.#.###.#..#
.....'.'.#.#.+..@..'.#.#.'.'....#
.....###.#.#.#.....#.#.#.###....#
.......#.#.#.#.....#.#.#.#......#
....)..#.#.#.###+###.#.#.#.......
.......#.##.#.......#.##.#......#
....)..#.#.###########.#.#.......
......##.................#.#.....
.....###########'#########...#...
###### #.#.#.# #.........##


There were no monsters in sight!

Vanquished Creatures
  6 bats (D:1)
  3 endoplasms (D:1)
  2 goblins (D:1)
  4 hobgoblins (D:1)
  A frilled lizard (D:1)
  A kobold (D:1)
  A rat (D:1)
18 creatures vanquished.

Notes
Turn   | Place    | Note
-------+----------+-------------------------------------------
     0 | D:1      | spardeous the Demigod Conjurer began the quest for the Orb.
     0 | D:1      | Reached XP level 1. HP: 14/14 MP: 5/5
   272 | D:1      | Reached XP level 2. HP: 20/20 MP: 4/7
   314 | D:1      | Reached skill level 4 in Conjurations
   862 | D:$      | Got out of the dungeon alive.

Illustrated notes

Levels and vault maps discovered:
D:1:      matt_arrival_los_fun, layout_rooms, dreamdust_mushroom_princess

Skill      XL: |  1  2 |
---------------+-------+-----
Spellcasting   | 2 |  2.1
Conjurations   | 4 |  4.1
Dodging        | |  1.7
Stealth        | |  1.7

Action                     || total
---------------------------++-------
  Melee: Unarmed           ||     3
   Cast: Magic Dart        ||    36
    Use: Scroll            ||     2
 Armour: Ring mail         ||     2
  Dodge: Dodged            ||     8
